 Dungeon Crawl Stone Soup version 0.31-a0-256-g80acddb972 (webtiles) character file.

Game seed: 13946730421009442728

58 Ijustatesigmund the Stinger (level 4, -4/12 HPs)
             Began as an Octopode Venom Mage on July 13, 2023.
             Slain by a small abomination (16 damage)
             ... on level 1 of the Abyss.
             The game lasted 00:02:44 (1792 turns).

Ijustatesigmund the Stinger (Octopode Venom Mage)   Turns: 1792, Time: 00:02:44

Health: -4/12      AC: 14    Str: 17    XL:     4   Next: 2%
Magic:  7/7        EV:  8    Int: 19    God:
Gold:   24         SH:  0    Dex: 12    Spells: 2/8 levels left

rFire   + + .        b - melded +0 short sword
rCold   x . .        (shield currently unavailable)
rNeg    . . .        (helmet currently unavailable)
rPois   +            (no amulet)
rElec   .            (no ring)
rCorr   .            (no ring)
SInv    .            (no ring)
Will    .....        (no ring)
Stlth   ++           (no ring)
HPRegen 0.22/turn    (no ring)
MPRegen 0.10/turn    (no ring)
                     (no ring)

%: no passive effects
@: dragon-form, flying
A: dragon claw, dragon scales, breathe fire, flying, reduced hp, almost no
armour, amphibious, 8 rings, giant, (camouflage 1), (gelatinous body 1), (nimble
swimmer 1), (tentacles)
a: Breathe Fire


You were on level 1 of the Abyss.
You were a fearsome dragon!
You visited 1 branch of the dungeon, and saw 3 of its levels.
You visited the Abyss 1 time.

You collected 24 gold pieces.

Inventory:

Hand Weapons
 b - a +0 short sword (melded)
Talismans
 h - a dragon-blood talisman
Scrolls
 e - 2 scrolls of vulnerability {unknown}
 f - 2 scrolls of enchant armour {unknown}
 i - a scroll of teleportation {unknown}
 j - a scroll of silence {unknown}
Potions
 a - a potion of magic


   Skills:
 + Level 1.5 Fighting
 - Level 2.0 Dodging
 - Level 2.6 Stealth
 + Level 2.5 Spellcasting
 + Level 0.7 Conjurations
 - Level 1.0 Transmutations
 + Level 1.1 Air Magic
 + Level 4.2 Poison Magic


You had 2 spell levels left.
You knew the following spells:

 Your Spells              Type           Power      Damage    Failure   Level
a - Sting                 Tmut/Pois      48%        1d5       5%          1
b - Poisonous Vapours     Pois/Air       24%        N/A       8%          2
c - Mephitic Cloud        Conj/Pois/Air  10%        N/A       21%         3

Your spell library contained the following spells:

 Spells                   Type           Power      Damage    Failure   Level
 Olgreb's Toxic Radiance  Pois           18%        N/A       28%         4


Dungeon Overview and Level Annotations

Branches:
Dungeon (3/15)

Altars:
Hepliaklqana


Innate Abilities, Weirdness & Mutations

You are a fearsome dragon!
You have a powerful clawing attack.
Your giant scaled body is strong and resiliant, but less evasive.
You can breathe fire.
You are flying.
Your maximum health is decreased, since you lack skill for your form.
Your armour is entirely melded.
You are incapable of wielding weapons or throwing items.
You cannot wear most types of armour.
You are amphibious.
You can wear up to eight rings at the same time.
((Your skin changes colour to match your surroundings (Stealth+).))
((Your rubbery body absorbs attacks. (AC +1, EV +1)))
((You are camouflaged when in or above water. (Stealth+)))
((You have tentacles for arms and can constrict up to eight enemies at once.))


Message History

The helpless endoplasm fails to defend itself.
You hit the endoplasm.
The endoplasm is severely wounded.
The endoplasm freezes you.
You are frozen.
You barely miss the endoplasm. You squeeze the endoplasm.
You kill the endoplasm!
No target in view!
You see here a +0 dagger.
Done exploring.
Done exploring.
(D) Dungeon
Where to? (Enter - D:2, ? - help)
You see here a +0 dagger.
You open the door.
There is an open door here.
There is a stone staircase leading down here.
You climb downwards.
You hear the sound of rushing water.
There is an entrance to a sewer on this level.
Hurry and find it before the portal rusts away!
Found 7 gold pieces and a ring mail.
Found an escape hatch in the ceiling.
There is a stone staircase leading up here.
The helpless orc wizard fails to defend itself.
You hit the orc wizard. Your grab misses the orc wizard.
Your squeeze misses the orc wizard.
The orc wizard is moderately wounded.
The orc wizard hits you with a +1 dagger of distortion.
You are cast into the Abyss!
This branch contains the abyssal rune of Zot.
Found a corrupted altar of Lugonu.
Found a gateway leading deeper into the Abyss.
A small abomination materialises.
A small abomination is nearby!
Still begin transforming?
You begin transforming.
You continue transforming. x3
You turn into a fearsome dragon!
Your +0 short sword melds into your body.
You barely miss the small abomination. The small abomination hits you!
Ouch! That really hurt!
You die...

.. . .. #. .. ##
...##. .## .
...#.....# .. .# #
........ .## #.#.
.........x#..#.....
. #. ....##D#...#
..#...... ##..# ..
....##.#.#
.###.##.##..##.#
...........>###..
..........∩..# .##
............_..#.
..................
.................##


You could see a small abomination.

Vanquished Creatures
  2 adders (D:2)
  A worm (D:2)
  A dart slug (D:1)
  4 endoplasms
  3 goblins
  2 hobgoblins
  3 jackals (D:2)
  2 quokkas (D:1)
  5 ball pythons (D:1)
  6 bats
  3 rats (D:1)
32 creatures vanquished.

Notes
Turn   | Place    | Note
-------+----------+-------------------------------------------
     0 | D:1      | Ijustatesigmund the Octopode Venom Mage began the quest for
                  | the Orb.
     0 | D:1      | Reached XP level 1. HP: 11/11 MP: 3/3
   355 | D:1      | Reached XP level 2. HP: 7/18 MP: 3/5
   413 | D:1      | Learned a level 2 spell: Poisonous Vapours
   639 | D:1      | Reached skill level 1 in Fighting
   644 | D:1      | Reached skill level 4 in Poison Magic
  1055 | D:1      | Reached XP level 3. HP: 17/23 MP: 6/6
  1233 | D:1      | Learned a level 3 spell: Mephitic Cloud
  1385 | D:2      | Reached skill level 1 in Air Magic
  1534 | D:2      | Reached XP level 4. HP: 7/28 MP: 1/7
  1643 | D:2      | Found a faded altar of an unknown god.
  1683 | D:2      | Found a hazy altar of Hepliaklqana.
  1776 | Abyss:1  | Found a corrupted altar of Lugonu.
  1776 | Abyss:1  | Cast into level 1 of the Abyss (orc wizard)
  1792 | Abyss:1  | Slain by a small abomination

Illustrated notes

Levels and vault maps discovered:
D:1:      lemuel_arrival_tunnels, layout_basic, minmay_misc_feat_x,
          minmay_misc_feat_chi
D:2:      layout_basic, shapermc_ecumenical_altar_totnotflames, basic_altar,
          minmay_unequal
D:3:      layout_rooms, overflow_temple_1_default, cheibrodos_sewer_entry_bend,
          minmay_misc_feat_room, minmay_crystal_water, uniq_grinder
Abyss:1:  base:
Temple

Skill      XL: |  1  2  3 |
---------------+----------+-----
Fighting       | 1 |  1.5
Poison Magic   | 4 |  4.2
Air Magic      | 1 |  1.1
Dodging        | |  2.0
Stealth        | |  2.6
Spellcasting   | |  2.5
Conjurations   | |  0.7
Transmutations | |  1.0

Action                     |  1- 3 |  4- 6 || total
---------------------------+-------+-------++-------
  Melee: Short sword       |    53 |     3 ||    56
         Constrict         |    14 |       ||    14
         Tentacles         |    11 |     1 ||    12
         Punch             |     1 |       ||     1
         Unarmed           |       |     1 ||     1
   Cast: Sting             |    16 |       ||    16
         Poisonous Vapours |    15 |       ||    15
    Use: Potion            |     3 |       ||     3
   Stab: Sleeping          |     3 |     2 ||     5
 Armour: Skin              |     5 |       ||     5
  Dodge: Dodged            |    39 |       ||    39
   Form: Dragon            |       |     1 ||     1

Table legend: (Time is in decaauts)
 A = Elapsed time spent in this place.
 B = Non-inter-level travel time spent in this place.
 C = Inter-level travel time spent in this place.
 D = Time resting spent in this place.
 E = Time spent auto-exploring this place.
 F = Levels seen in this place.
 G = Mean time per level.
                   A        B        C        D        E       F      G
               +--------+--------+--------+--------+--------+-----+--------+
         Total |   1790 |   1742 |     48 |    254 |   1250 |   4 |  447.5 |
       Dungeon |   1775 |   1727 |     48 |    254 |   1245 |   3 |  591.7 |
         Abyss |     15 |     15 |      0 |      0 |      5 |   1 |   15.0 |
               +--------+--------+--------+--------+--------+-----+--------+

Top non-repeatable levels by time:
     D:1: 1257 daAuts
     D:2: 516 daAuts
 Abyss:1: 15 daAuts
     D:3: 0 daAuts
